 Dungeon Crawl Stone Soup version 0.29-a0-284-gf9362112df (webtiles) character file.

Game seed: 14201971349015654908

770 avis the Ruffian (level 7, -1/63 HPs)
             Began as a Hill Orc Monk on Mar 19, 2022.
             Killed from afar by an acid dragon (25 damage)
             ... with a splash of acid
             ... on level 5 of the Dungeon.
             The game lasted 00:26:13 (6865 turns).

avis the Ruffian (Hill Orc Monk)                    Turns: 6865, Time: 00:26:13

Health: -1/63      AC:  2    Str: 14    XL:     7   Next: 83%
Magic:  6/8        EV: 20    Int: 12    God:
Gold:   217        SH:  0    Dex: 18    Spells: 4/8 levels left

rFire   . . .      SeeInvis .     - Unarmed
rCold   . . .      Faith    .   (shield currently unavailable)
rNeg    . . .      Spirit   .   (body armour currently unavailable)
rPois   x          Reflect  .   (helmet currently unavailable)
rElec   .          Harm     .   (cloak currently unavailable)
rCorr   .          Rampage  .   (gloves currently unavailable)
Will    +....                   (boots currently unavailable)
Stlth   ++........              (no amulet)
HPRegen 0.20/turn               n - ring of willpower
MPRegen 0.11/turn               q - +4 ring of protection

@: spider-form (expiring), corroded
A: venomous fangs, tiny
a: End Transformation


You were on level 5 of the Dungeon.
You were a venomous arachnid creature.
You visited 1 branch of the dungeon, and saw 5 of its levels.

You collected 217 gold pieces.

Inventory:

Hand Weapons
 j - a +0 hunting sling
 l - a +0 rapier of speed
 x - a +0 trident
 C - a +0 spear
 D - a +0 vampiric spear
 F - a +0 spear of distortion
Missiles
 g - 88 stones (quivered)
 h - 4 silver javelins
 K - 7 boomerangs
Armour
 a - a +0 robe
 d - a +0 leather armour (melded)
 s - a +0 chain mail
 A - a +0 chain mail
 E - a +0 ring mail of poison resistance
 I - a +0 chain mail
 L - a +0 chain mail
 N - a +0 pair of boots (melded)
Jewellery
 n - a ring of willpower (left front leg)
 o - a ring of protection from cold
 q - a +4 ring of protection (right front leg)
 H - a ring of positive energy
 M - a ring of willpower
Scrolls
 e - 2 scrolls of magic mapping {unknown}
 f - 2 scrolls of vulnerability {unknown}
 m - 3 scrolls of identify {unknown}
 p - a scroll of immolation {unknown}
 r - 4 scrolls of enchant armour {unknown}
 t - a scroll of teleportation {unknown}
 y - a scroll of fog {unknown}
 B - a scroll of blinking {unknown}
Potions
 b - a potion of ambrosia
 c - a potion of lignification {unknown}
 i - 3 potions of curing {unknown}
 k - a potion of degeneration {unknown}
 u - a potion of invisibility {unknown}
 v - a potion of flight {unknown}
 w - 2 potions of haste {unknown}
 z - a potion of berserk rage {unknown}
 G - a potion of heal wounds {unknown}
 J - a potion of attraction {unknown}


   Skills:
 - Level 6.0 Fighting
 - Level 2.4 Dodging
 - Level 1.5 Stealth
 * Level 7.4 Unarmed Combat
 - Level 1.0 Spellcasting
 - Level 2.0 Transmutations
 - Level 2.0 Poison Magic


You had 4 spell levels left.
You knew the following spells:

 Your Spells              Type           Power      Damage    Failure   Level
a - Beastly Appendage     Tmut           10%        N/A       30%         1
p - Spider Form           Tmut/Pois      5%         N/A       58%         3

Your spell library contained the following spells:

 Spells                   Type           Power      Damage    Failure   Level
 Wereblood                Tmut           5%         N/A       41%         2
 Animate Skeleton         Necr           0%         N/A       52%         1
 Pain                     Necr           0%         1d4       52%         1
 Summon Small Mammal      Summ           0%         N/A       52%         1
 Vampiric Draining        Necr           0%         2d6       83%         3


Dungeon Overview and Level Annotations

Branches:
Dungeon (5/15)
 Temple: D:4-7

Altars:
Kikubaaqudgha
Makhleb
Ru
Sif Muna
Vehumet
Yredelemnul

Shops:
D:1 *


Message History

An acid dragon comes into view.
The acid dragon roars!
The acid dragon spits acid at you. The splash of acid hits you!
The acid corrodes you!
You hear a shout!
You hear an angry hiss.
Casting: Spider Form (dangerous; 45% risk of failure)
Confirm with . or Enter, or press ? or * to list all spells.
You turn into a venomous arachnid creature.
Your +0 pair of boots melds into your body.
Your +0 leather armour melds into your body.
Your transformation is almost over.
An adder comes into view.
You bite the acid dragon!
The acid dragon is poisoned.
The acid dragon is moderately wounded.
The acid dragon bites you. The acid dragon misses you.
An ogre comes into view. It is wielding a +0 giant spiked club.
You hit the acid dragon but do no damage.
The acid dragon looks as sick as possible!
The acid dragon is heavily wounded.
The adder barely misses you. The acid dragon completely misses you.
The acid dragon misses you.
You barely miss the acid dragon.
The acid dragon is heavily wounded.
The adder completely misses you. The acid dragon completely misses you.
The acid dragon claws you.
You hit the acid dragon but do no damage.
The acid dragon looks as sick as possible!
The acid dragon is heavily wounded.
The adder bites you.
You hit the acid dragon.
The acid dragon is severely wounded.
The adder bites you. The acid dragon spits acid at you.
The splash of acid hits you!
You hit the adder.
The adder is poisoned.
The adder is heavily wounded.
The adder closely misses you. The acid dragon spits acid at you.
The splash of acid hits you!!
You die...

#.# #.# #.#.... #..
#.#... #.. .O...........
##.#.##.#.##.#
....D..#.##.#
#.#####S#.##.#.##.# #
.......s#.##.#.##.##.#.#
........D...............
........................
...^................>#.#
#..#.####.#.##<##.##.#
#. #. #.#..####.# .#. #
# ###.### ... ...
##.....##..## ...
##..⌠.⌠..##.. ...


You could see an acid dragon (extremely poisoned, catching breath), an ogre and
an adder (very poisoned).

Vanquished Creatures
  A black bear (D:4)
  An ogre (D:3)
  3 scorpions
  A gnoll sergeant (D:4)
  A hound (D:4)
  An iguana (D:4)
  Terence (D:2)
  4 orc wizards (D:5)
  4 gnolls
  5 adders
  4 worms
  A dart slug (D:4)
  8 orcs
  7 ball pythons
  8 bats
  5 endoplasms
  3 giant cockroaches
  9 goblins
  6 hobgoblins
  5 kobolds
  2 quokkas
  3 frilled lizards
  3 rats
86 creatures vanquished.

Vanquished Creatures (others)
  2 plants (D:4)
2 creatures vanquished.

Grand Total: 88 creatures vanquished

Notes
Turn   | Place    | Note
-------+----------+-------------------------------------------
     0 | D:1      | avis the Hill Orc Monk began the quest for the Orb.
     0 | D:1      | Reached XP level 1. HP: 19/19 MP: 1/1
   581 | D:1      | Found Ymarghyr's Assorted Antiques.
   588 | D:1      | Found a burning altar of Makhleb.
   632 | D:1      | Reached XP level 2. HP: 27/27 MP: 2/2
   640 | D:1      | Learned a level 1 spell: Beastly Appendage
   865 | D:1      | Found a faded altar of an unknown god.
   874 | D:1      | Reached skill level 4 in Unarmed Combat
  1154 | D:2      | Reached XP level 3. HP: 28/33 MP: 1/3
  1381 | D:2      | Noticed a scorpion
  1677 | D:2      | Reached skill level 1 in Transmutations
  1714 | D:2      | Reached XP level 4. HP: 40/40 MP: 0/4
  1828 | D:2      | Noticed Terence
  1965 | D:2      | Found a basalt altar of Yredelemnul.
  2955 | D:2      | Killed a scorpion
  2956 | D:2      | Reached skill level 5 in Unarmed Combat
  2956 | D:2      | Reached skill level 5 in Fighting
  2956 | D:2      | Reached XP level 5. HP: 18/48 MP: 5/5
  2990 | D:2      | Learned a level 3 spell: Spider Form
  3040 | D:2      | Killed Terence
  3041 | D:2      | Reached skill level 1 in Spellcasting
  3542 | D:3      | Noticed an ogre
  3554 | D:3      | Killed an ogre
  3555 | D:3      | Reached skill level 6 in Unarmed Combat
  3555 | D:3      | Reached XP level 6. HP: 48/56 MP: 4/7
  3804 | D:3      | Found a sacrificial altar of Ru.
  5458 | D:4      | Reached skill level 7 in Unarmed Combat
  5458 | D:4      | Reached XP level 7. HP: 61/61 MP: 3/8
  5507 | D:4      | Found a burning altar of Makhleb.
  5751 | D:4      | Reached skill level 1 in Poison Magic
  6566 | D:5      | Entered Level 5 of the Dungeon
  6755 | D:5      | Found a shimmering blue altar of Sif Muna.
  6768 | D:5      | Got Sif Muna's Tome of Calling
  6785 | D:5      | Found an ancient bone altar of Kikubaaqudgha.
  6813 | D:5      | Found a radiant altar of Vehumet.
  6865 | D:5      | Killed from afar by an acid dragon

Illustrated notes

Levels and vault maps discovered:
D:1:      roderic_dead_forest, layout_loops_ring, serial_shops,
          nicolae_shop_trees, basic_ecumenical_altar,
          nicolae_concentric_dashed_squares_wild, chequers_mini_garden,
          minmay_hedge_maze, chequers_serial_rivers_small_b, minmay_hexomino_r4
D:2:      layout_loops_ring, basic_altar, minmay_misc_feat_square, uniq_terence
D:3:      layout_basic, nicolae_ru_path_of_blood
D:4:      layout_basic, mainiacjoe_overflow_boulevard, serial_corexii_hall,
          corexii_hall_statues_l, chequers_hall_statues_corner_a,
          chequers_hall_statues_y, corexii_hall_statues_x
D:5:      layout_basic, palyth_temple_overflow_mages, grunt_decor_mini_mirrors

Skill      XL: |  1  2  3  4  5  6  7 |
---------------+----------------------+-----
Fighting       | 4 5 6 |  6.0
Unarmed Combat | 4 5 6 7 |  7.4
Transmutations | 1 2 |  2.0
Spellcasting   | 1 |  1.0
Poison Magic   | 2 |  2.0
Dodging        | |  2.4
Stealth        | |  1.5

Action                   |  1- 3 |  4- 6 |  7- 9 || total
-------------------------+-------+-------+-------++-------
Melee: Unarmed           |    79 |   136 |    52 ||   267
       Punch             |     4 |     6 |     1 ||    11
       Headbutt          |     7 |    16 |     7 ||    30
       Kick              |    12 |    24 |    13 ||    49
 Cast: Beastly Appendage |    18 |    29 |    10 ||    57
       Spider Form       |       |     6 |     7 ||    13
  Use: Potion            |       |     1 |       ||     1
 Stab: Sleeping          |       |     2 |     1 ||     3
Armor: Leather armour    |    17 |    20 |    10 ||    47
       Skin              |       |     3 |     3 ||     6
Dodge: Dodged            |    55 |    84 |    31 ||   170

Table legend: (Time is in decaauts)
 A = Elapsed time spent in this place.
 B = Non-inter-level travel time spent in this place.
 C = Inter-level travel time spent in this place.
 D = Time resting spent in this place.
 E = Time spent auto-exploring this place.
 F = Levels seen in this place.
 G = Mean time per level.
                   A        B        C        D        E       F      G
               +--------+--------+--------+--------+--------+-----+--------+
         Total |   6856 |   6456 |    400 |   2279 |   2977 |   5 | 1371.2 |
       Dungeon |   6856 |   6456 |    400 |   2279 |   2977 |   5 | 1371.2 |
               +--------+--------+--------+--------+--------+-----+--------+

Top non-repeatable levels by time:
     D:3: 1940 daAuts
     D:4: 1606 daAuts
     D:1: 1594 daAuts
     D:2: 1540 daAuts
     D:5: 175 daAuts
